| TOP OF THE 1ST |
|
Salt Lake Bees batting - Pitching for Toledo Mud Hens : RHP Joe Bradford
|
|
Pitching: RHP Joe Bradford
|
|
|
Batting: RHB Mike Harkins
|
0-0: Ball 1-0: Foul Ball, location: 2F 1-1: Ball 2-1: Foul Ball, location: 2F 2-2: Ball 3-2: SINGLE (Line Drive, 7S, EV 106.9 MPH)
|
|
Batting: RHB Justin Lauderdale
|
0-0: Called Strike 0-1: Foul Ball, location: 2F 0-2: Ball 1-2: Ball Wild Pitch! Mike Harkins to second 2-2: Strikes out swinging
|
|
Batting: LHB Vinny Carreno
|
0-0: Ball 1-0: Ball 2-0: Called Strike 2-1: DOUBLE (Line Drive, 89M, EV 101.3 MPH) Mike Harkins scores
|
|
Batting: LHB Matt Patnaude
|
0-0: Swinging Strike 0-1: Ground out 1-3 (Groundball, 34S, EV 74.4 MPH) Vinny Carreno to third
|
|
Batting: RHB Guillermo Mojica
|
0-0: Ball 1-0: Foul Ball, location: 2F 1-1: Ball 2-1: DOUBLE (Flyball, 8RXD, EV 110.0 MPH) Vinny Carreno scores
|
|
Batting: RHB Cesar Ortega
|
0-0: Called Strike 0-1: Foul Ball, location: 2F 0-2: Strikes out looking and he ARGUES THE CALL AND IS TOSSED!
|
| Top of the 1st over - 2 runs, 3 hits, 0 errors, 1 left on base; Salt Lake 2 - Toledo 0 |
| BOTTOM OF THE 1ST |
|
Toledo Mud Hens batting - Pitching for Salt Lake Bees : RHP Bill Tindall
|
|
Pitching: RHP Bill Tindall
|
|
|
Now at 3B: Andres Mendiola
|
|
|
Batting: RHB Brady Jeleniewski
|
0-0: Ball 1-0: Called Strike 1-1: Ground out U3 (Groundball, 3, EV 88.1 MPH)
|
|
Batting: LHB Jamel Alexander
|
0-0: Called Strike 0-1: Called Strike 0-2: Foul Ball, location: 2F 0-2: Ball 1-2: Ball 2-2: Strikes out swinging
|
|
Batting: RHB Tim Borden
|
0-0: Called Strike 0-1: Swinging Strike 0-2: Ball 1-2: Strikes out looking
|
| Bottom of the 1st over - 0 runs, 0 hits, 0 errors, 0 left on base; Salt Lake 2 - Toledo 0 |
| TOP OF THE 2ND |
|
Salt Lake Bees batting - Pitching for Toledo Mud Hens : RHP Joe Bradford
|
|
Batting: SHB Brendan Bundy
|
0-0: Ball 1-0: Ground out U3 (Groundball, 13, EV 81.3 MPH)
|
|
Batting: RHB Ryan Marler
|
0-0: Ball 1-0: Ball 2-0: Ground out 5-3 (Groundball, 56S, EV 81.3 MPH)
|
|
Batting: SHB Ivan Barry
|
0-0: Called Strike 0-1: Swinging Strike 0-2: SINGLE (Groundball, 56D, EV 108.8 MPH)
|
|
Batting: RHB Mike Harkins
|
0-0: Ball Ivan Barry steals 2nd base 1-0: DOUBLE (Flyball, 8LXD, EV 96.3 MPH) Ivan Barry scores
|
|
Batting: RHB Justin Lauderdale
|
0-0: Ball 1-0: Called Strike 1-1: Called Strike 1-2: Ground out 4-3 (Groundball, 4M, EV 108.1 MPH)
|
| Top of the 2nd over - 1 run, 2 hits, 0 errors, 1 left on base; Salt Lake 3 - Toledo 0 |
| BOTTOM OF THE 2ND |
|
Toledo Mud Hens batting - Pitching for Salt Lake Bees : RHP Bill Tindall
|
|
Batting: LHB Andy Schumacher
|
0-0: Ball 1-0: Ball 2-0: Fly out, F8 (Flyball, 89D, EV 75.6 MPH)
|
|
Batting: RHB Dave Calder
|
0-0: Called Strike 0-1: Ground out U3 (Groundball, 3, EV 83.8 MPH)
|
|
Batting: RHB Zach Koblinski
|
0-0: Called Strike 0-1: Swinging Strike 0-2: Ball 1-2: Ball 2-2: Strikes out swinging
|
| Bottom of the 2nd over - 0 runs, 0 hits, 0 errors, 0 left on base; Salt Lake 3 - Toledo 0 |
| TOP OF THE 3RD |
|
Salt Lake Bees batting - Pitching for Toledo Mud Hens : RHP Joe Bradford
|
|
Batting: LHB Vinny Carreno
|
0-0: Called Strike 0-1: Called Strike 0-2: Ball 1-2: Foul Ball, location: 2F 1-2: Ball 2-2: Foul Ball, location: 2F 2-2: Strikes out swinging
|
|
Batting: LHB Matt Patnaude
|
0-0: DOUBLE (Line Drive, 9LM, EV 95.6 MPH)
|
|
Batting: RHB Guillermo Mojica
|
0-0: Ball 1-0: Called Strike 1-1: Ball 2-1: Foul Ball, location: 2F 2-2: Ball 3-2: Foul Ball, location: 2F 3-2: Base on Balls
|
|
Batting: RHB Andres Mendiola
|
0-0: Ball 1-0: Called Strike 1-1: Called Strike 1-2: Foul Ball, location: 2F 1-2: Fly out, F9 (Flyball, 9, EV 87.5 MPH)
|
|
Batting: SHB Brendan Bundy
|
0-0: Foul Ball, location: 2F 0-1: Called Strike 0-2: SINGLE (Line Drive, 7LS, EV 106.3 MPH) Matt Patnaude to third Guillermo Mojica to second Throwing error, E7 Matt Patnaude scores Guillermo Mojica to third Brendan Bundy to second
|
|
Batting: RHB Ryan Marler
|
0-0: Ball 1-0: SINGLE (Groundball, 56, EV 101.3 MPH) Guillermo Mojica scores Brendan Bundy to third Runner from 3rd tries for Home, SAFE, throw by LF to home Ryan Marler to second
|
|
Pitching: RHP Ken Howington
|
|
|
Batting: SHB Ivan Barry
|
0-0: Called Strike 0-1: Ground out 5-3 (Groundball, 56S, EV 86.9 MPH)
|
| Top of the 3rd over - 3 runs, 3 hits, 1 error, 1 left on base; Salt Lake 6 - Toledo 0 |
| BOTTOM OF THE 3RD |
|
Toledo Mud Hens batting - Pitching for Salt Lake Bees : RHP Bill Tindall
|
|
Batting: SHB Jared Boyce
|
0-0: Ball 1-0: Ball 2-0: Called Strike 2-1: Foul Ball, location: 2F 2-2: Ball 3-2: Base on Balls
|
|
Batting: RHB Casey Knutson
|
0-0: Swinging Strike 0-1: Foul Ball, location: 2F 0-2: Strikes out swinging
|
|
Batting: RHB Josh Stinnett
|
0-0: Called Strike 0-1: Ball 1-1: Ball 2-1: Ball 3-1: Base on Balls Jared Boyce to second
|
|
Batting: RHB Brady Jeleniewski
|
0-0: Ball 1-0: Ball 2-0: DOUBLE (Flyball, 89XD, EV 103.1 MPH) Jared Boyce scores Josh Stinnett to third
|
|
Batting: LHB Jamel Alexander
|
0-0: Called Strike 0-1: Called Strike 0-2: Foul Ball, location: 2F 0-2: Ball 1-2: Strikes out swinging
|
|
Batting: RHB Tim Borden
|
0-0: Ball 1-0: Ball 2-0: Called Strike 2-1: Called Strike 2-2: Ball 3-2: Base on Balls
|
|
Batting: LHB Andy Schumacher
|
0-0: Foul Ball, location: 2F 0-1: Ball 1-1: Ball 2-1: Swinging Strike 2-2: Ball 3-2: Base on Balls Josh Stinnett scores Brady Jeleniewski to third Tim Borden to second
|
|
Batting: RHB Dave Calder
|
0-0: Swinging Strike 0-1: Swinging Strike 0-2: Fly out, F9 (Flyball, 89S, EV 81.3 MPH)
|
| Bottom of the 3rd over - 2 runs, 1 hit, 0 errors, 3 left on base; Salt Lake 6 - Toledo 2 |
| TOP OF THE 4TH |
|
Salt Lake Bees batting - Pitching for Toledo Mud Hens : RHP Ken Howington
|
|
Batting: RHB Mike Harkins
|
0-0: Called Strike 0-1: Foul Ball, location: 2F 0-2: Ball 1-2: Foul Ball, location: 2F 1-2: Foul Ball, location: 2F 1-2: SOLO HOME RUN (Flyball, 8LXD, EV 112.5 MPH), Distance : 418 ft
|
|
Batting: RHB Justin Lauderdale
|
0-0: Called Strike 0-1: SINGLE (Groundball, 56S, EV 65.0 MPH) (infield hit)
|
|
Batting: LHB Vinny Carreno
|
0-0: Ball 1-0: Ball 2-0: Ball 3-0: Called Strike 3-1: Fly out, F8 (Flyball, 8RS, EV 83.1 MPH)
|
|
Batting: LHB Matt Patnaude
|
0-0: Ball Justin Lauderdale steals 2nd base 1-0: Ball 2-0: Called Strike 2-1: Ball 3-1: Fly out, F4 (Popup, 4M, EV 56.9 MPH)
|
|
Batting: RHB Guillermo Mojica
|
0-0: Ball 1-0: Foul Ball, location: 2F 1-1: DOUBLE (Flyball, 78D, EV 106.9 MPH) Justin Lauderdale scores
|
|
Batting: RHB Andres Mendiola
|
0-0: Reached on error, E2 (Popup, 13S, EV 85.0 MPH) Guillermo Mojica to third
|
|
Batting: SHB Brendan Bundy
|
0-0: Ball 1-0: Ball 2-0: Foul Ball, location: 2F 2-1: Ball 3-1: Foul Ball, location: 2F 3-2: 3-RUN HOME RUN (Flyball, 89XD, EV 106.3 MPH), Distance : 395 ft
|
|
Pitching: RHP Isma'il bin Burhan
|
|
|
Batting: RHB Ryan Marler
|
0-0: Swinging Strike 0-1: Called Strike 0-2: SINGLE (Groundball, 6MD, EV 96.3 MPH)
|
|
Batting: SHB Ivan Barry
|
0-0: Foul Ball, location: 2F 0-1: Ball 1-1: Swinging Strike 1-2: Foul Ball, location: 2F 1-2: Ball 2-2: Foul Ball, location: 2F 2-2: Strikes out swinging
|
| Top of the 4th over - 5 runs, 5 hits, 1 error, 1 left on base; Salt Lake 11 - Toledo 2 |
| BOTTOM OF THE 4TH |
|
Toledo Mud Hens batting - Pitching for Salt Lake Bees : RHP Bill Tindall
|
|
Batting: RHB Zach Koblinski
|
0-0: Ground out 6-3 (Groundball, 6, EV 103.1 MPH)
|
|
Batting: SHB Jared Boyce
|
0-0: Called Strike 0-1: Ball 1-1: Ball 2-1: Ball 3-1: Swinging Strike 3-2: Base on Balls
|
|
Batting: RHB Casey Knutson
|
0-0: Called Strike 0-1: Ball 1-1: Ball 2-1: Grounds into double play, 6-4-3 (Groundball, 6, EV 80.6 MPH)
|
| Bottom of the 4th over - 0 runs, 0 hits, 0 errors, 0 left on base; Salt Lake 11 - Toledo 2 |
| TOP OF THE 5TH |
|
Salt Lake Bees batting - Pitching for Toledo Mud Hens : RHP Isma'il bin Burhan
|
|
Batting: RHB Mike Harkins
|
0-0: Ball 1-0: Ball 2-0: Ball 3-0: Base on Balls
|
|
Batting: RHB Justin Lauderdale
|
Pickoff Throw to First - Error! E1 Mike Harkins to second 0-0: Foul Ball, location: 2F 0-1: Called Strike 0-2: Strikes out swinging
|
|
Batting: LHB Vinny Carreno
|
0-0: Ball 1-0: Swinging Strike 1-1: Called Strike 1-2: Strikes out looking
|
|
Batting: LHB Matt Patnaude
|
0-0: Foul Ball, location: 2F 0-1: Foul Ball, location: 2F 0-2: Foul Ball, location: 2F 0-2: Foul Ball, location: 2F 0-2: Fly out, F4 (Popup, 34, EV 76.9 MPH)
|
| Top of the 5th over - 0 runs, 0 hits, 1 error, 1 left on base; Salt Lake 11 - Toledo 2 |
| BOTTOM OF THE 5TH |
|
Toledo Mud Hens batting - Pitching for Salt Lake Bees : RHP Bill Tindall
|
|
Batting: RHB Josh Stinnett
|
0-0: Swinging Strike 0-1: Ground out 4-3 (Groundball, 4, EV 84.4 MPH)
|
|
Batting: RHB Brady Jeleniewski
|
0-0: Fly out, F7 (Flyball, 7LD, EV 89.4 MPH)
|
|
Batting: LHB Jamel Alexander
|
0-0: Ball 1-0: SINGLE (Groundball, 6MD, EV 105.6 MPH)
|
|
Batting: RHB Tim Borden
|
0-0: Called Strike 0-1: 2-RUN HOME RUN (Flyball, 78XD, EV 104.4 MPH), Distance : 402 ft
|
|
Batting: LHB Andy Schumacher
|
0-0: Swinging Strike 0-1: Foul Ball, location: 2F 0-2: DOUBLE (Flyball, 8LXD, EV 111.3 MPH)
|
|
Batting: RHB Dave Calder
|
0-0: Called Strike 0-1: Ground out 6-3 (Groundball, 6, EV 79.4 MPH)
|
| Bottom of the 5th over - 2 runs, 3 hits, 0 errors, 1 left on base; Salt Lake 11 - Toledo 4 |
| TOP OF THE 6TH |
|
Salt Lake Bees batting - Pitching for Toledo Mud Hens : RHP Isma'il bin Burhan
|
|
Batting: RHB Guillermo Mojica
|
0-0: Ball 1-0: Called Strike 1-1: Ball 2-1: SINGLE (Groundball, 56S, EV 66.3 MPH) (infield hit)
|
|
Batting: RHB Andres Mendiola
|
0-0: Called Strike 0-1: Called Strike Guillermo Mojica steals 2nd base 0-2: Ball 1-2: Foul Ball, location: 2F 1-2: Strikes out swinging
|
|
Batting: SHB Brendan Bundy
|
0-0: Called Strike 0-1: TRIPLE (Line Drive, 7D, EV 109.4 MPH) Guillermo Mojica scores
|
|
Batting: RHB Ryan Marler
|
0-0: Ball 1-0: Ball 2-0: Called Strike 2-1: Swinging Strike 2-2: Ball 3-2: Strikes out swinging
|
|
Batting: SHB Ivan Barry
|
0-0: Ball 1-0: Fly out, F6 (Popup, 6MS, EV 80.0 MPH)
|
| Top of the 6th over - 1 run, 2 hits, 0 errors, 1 left on base; Salt Lake 12 - Toledo 4 |
| BOTTOM OF THE 6TH |
|
Toledo Mud Hens batting - Pitching for Salt Lake Bees : RHP Bill Tindall
|
|
Batting: RHB Zach Koblinski
|
0-0: Called Strike 0-1: Swinging Strike 0-2: Ball 1-2: Ground out 5-3 (Groundball, 56, EV 106.9 MPH)
|
|
Batting: SHB Jared Boyce
|
0-0: Ground out U3 (Groundball, 3L, EV 109.4 MPH)
|
|
Batting: RHB Casey Knutson
|
0-0: SINGLE (Groundball, 56D, EV 94.4 MPH)
|
|
Batting: RHB Josh Stinnett
|
0-0: Called Strike 0-1: Ball 1-1: Swinging Strike 1-2: Ground out 6-3 (Groundball, 6, EV 88.1 MPH)
|
| Bottom of the 6th over - 0 runs, 1 hit, 0 errors, 1 left on base; Salt Lake 12 - Toledo 4 |
| TOP OF THE 7TH |
|
Salt Lake Bees batting - Pitching for Toledo Mud Hens : RHP Isma'il bin Burhan
|
|
Batting: RHB Mike Harkins
|
0-0: Called Strike 0-1: Called Strike 0-2: Foul Ball, location: 2F 0-2: Foul Ball, location: 2F 0-2: Strikes out swinging
|
|
Batting: RHB Justin Lauderdale
|
0-0: Called Strike 0-1: Ground out 6-3 (Groundball, 6, EV 85.6 MPH)
|
|
Batting: LHB Vinny Carreno
|
0-0: Called Strike 0-1: Foul Ball, location: 2F 0-2: Strikes out swinging
|
| Top of the 7th over - 0 runs, 0 hits, 0 errors, 0 left on base; Salt Lake 12 - Toledo 4 |
| BOTTOM OF THE 7TH |
|
Toledo Mud Hens batting - Pitching for Salt Lake Bees : RHP Bill Tindall
|
|
Batting: RHB Brady Jeleniewski
|
0-0: Foul Ball, location: 2F 0-1: Foul Ball, location: 2F 0-2: Ball 1-2: Strikes out swinging
|
|
Pitching: LHP Brennan Duncan
|
|
|
Pinch Hitting: RHB Paul Wood
|
0-0: SINGLE (Groundball, 4MD, EV 105.6 MPH)
|
|
Batting: RHB Tim Borden
|
0-0: Swinging Strike 0-1: Called Strike 0-2: Strikes out swinging
|
|
Batting: LHB Andy Schumacher
|
0-0: Called Strike Paul Wood steals 2nd base 0-1: Foul Ball, location: 2F 0-2: SINGLE (Line Drive, 78S, EV 93.1 MPH) Paul Wood to third Runner from 3rd tries for Home, SAFE, throw by LF to home
|
|
Batting: RHB Dave Calder
|
0-0: Ball 1-0: Ball 2-0: Foul Ball, location: 2F 2-1: Called Strike 2-2: Strikes out swinging
|
| Bottom of the 7th over - 1 run, 2 hits, 0 errors, 1 left on base; Salt Lake 12 - Toledo 5 |
| TOP OF THE 8TH |
|
Salt Lake Bees batting - Pitching for Toledo Mud Hens : RHP Isma'il bin Burhan
|
|
Now in CF: Paul Wood
|
|
|
Batting: LHB Matt Patnaude
|
0-0: Ball 1-0: Ball 2-0: Called Strike 2-1: Ball 3-1: Base on Balls
|
|
Pitching: RHP Alexis Priego
|
|
|
Batting: RHB Guillermo Mojica
|
0-0: Ball 1-0: Ball 2-0: Foul Ball, location: 2F 2-1: Foul Ball, location: 2F 2-2: Foul Ball, location: 2F 2-2: Ball 3-2: Foul Ball, location: 2F 3-2: Foul Ball, location: 2F 3-2: Foul Ball, location: 2F 3-2: Foul Ball, location: 2F 3-2: Base on Balls Matt Patnaude to second
|
|
Batting: RHB Andres Mendiola
|
0-0: Called Strike 0-1: Called Strike 0-2: Ball 1-2: Strikes out swinging
|
|
Batting: SHB Brendan Bundy
|
0-0: Reached via error on a dropped throw from 2B, E6 (Groundball, 4D, EV 101.3 MPH) Matt Patnaude to third Guillermo Mojica to second
|
|
Batting: RHB Ryan Marler
|
0-0: Fielders Choice at 2nd, 6-4 (Groundball, 56, EV 109.4 MPH) Matt Patnaude scores Guillermo Mojica to third
|
|
Batting: SHB Ivan Barry
|
0-0: Called Strike 0-1: Ball 1-1: Swinging Strike 1-2: Foul Ball, location: 2F 1-2: Foul Ball, location: 2F 1-2: Ball 2-2: Strikes out swinging
|
| Top of the 8th over - 1 run, 0 hits, 1 error, 2 left on base; Salt Lake 13 - Toledo 5 |
| BOTTOM OF THE 8TH |
|
Toledo Mud Hens batting - Pitching for Salt Lake Bees : LHP Brennan Duncan
|
|
Batting: RHB Zach Koblinski
|
0-0: Foul Ball, location: 2F 0-1: Ball 1-1: Ball 2-1: Ball 3-1: Fly out, F9 (Flyball, 89M, EV 95.6 MPH)
|
|
Batting: SHB Jared Boyce
|
0-0: Ball 1-0: Called Strike 1-1: Swinging Strike 1-2: Ball 2-2: Ball 3-2: Foul Ball, location: 2F 3-2: Strikes out swinging
|
|
Batting: RHB Casey Knutson
|
0-0: Ball 1-0: Called Strike 1-1: Ball 2-1: Ground out 4-3 (Groundball, 4, EV 84.4 MPH)
|
| Bottom of the 8th over - 0 runs, 0 hits, 0 errors, 0 left on base; Salt Lake 13 - Toledo 5 |
| TOP OF THE 9TH |
|
Salt Lake Bees batting - Pitching for Toledo Mud Hens : RHP Alexis Priego
|
|
Batting: RHB Mike Harkins
|
0-0: Foul Ball, location: 2F 0-1: Fly out, F8 (Flyball, 78D, EV 96.3 MPH)
|
|
Batting: RHB Justin Lauderdale
|
0-0: SINGLE (Groundball, 56D, EV 103.1 MPH)
|
|
Batting: LHB Vinny Carreno
|
0-0: Ball 1-0: SINGLE (Groundball, 56D, EV 106.3 MPH) Justin Lauderdale to second
|
|
Batting: LHB Matt Patnaude
|
0-0: Fly out, F8 (Flyball, 8RD, EV 95.6 MPH)
|
|
Batting: RHB Guillermo Mojica
|
0-0: Called Strike 0-1: Called Strike 0-2: Strikes out swinging
|
| Top of the 9th over - 0 runs, 2 hits, 0 errors, 2 left on base; Salt Lake 13 - Toledo 5 |
| BOTTOM OF THE 9TH |
|
Toledo Mud Hens batting - Pitching for Salt Lake Bees : LHP Brennan Duncan
|
|
Batting: RHB Josh Stinnett
|
0-0: Foul Ball, location: 2F 0-1: Ball 1-1: Called Strike 1-2: Ball 2-2: Foul Ball, location: 2F 2-2: Foul Ball, location: 2F 2-2: Foul Ball, location: 2F 2-2: Strikes out swinging
|
|
Batting: RHB Brady Jeleniewski
|
0-0: Ball 1-0: Called Strike 1-1: Ball 2-1: Ball 3-1: Base on Balls
|
|
Batting: RHB Paul Wood
|
0-0: Ball 1-0: Swinging Strike 1-1: Ball 2-1: Called Strike 2-2: Foul Ball, location: 2F 2-2: Foul Ball, location: 2F 2-2: Foul Ball, location: 2F 2-2: Foul Ball, location: 2F 2-2: Foul Ball, location: 2F 2-2: Ball 3-2: Fly out, F7 (Flyball, 78D, EV 103.1 MPH)
|
|
Batting: RHB Tim Borden
|
0-0: Fly out, F7 (Flyball, 78D, EV 96.3 MPH)
|
| Bottom of the 9th over - 0 runs, 0 hits, 0 errors, 1 left on base; Salt Lake 13 - Toledo 5 |
|